 Dungeon Crawl Stone Soup version 0.23.2-11-gf996548c65 (webtiles) character file.

Game seed: 14587748087357998682

161 Brecoman the Skirmisher (level 5, -3/46 HPs)
             Began as a Draconian Abyssal Knight on June 3, 2019.
             Was a Believer of Lugonu.
             Slain by Duvessa
             ... wielding a +0 short sword
              (14 damage)
             ... on level 4 of the Dungeon.
             The game lasted 00:07:27 (4023 turns).

Brecoman the Skirmisher (Draconian Abyssal Knight)  Turns: 4023, Time: 00:07:28

Health: -3/46      AC:  5    Str: 15 (16) XL:     5   Next: 19%
Magic:  5/7        EV: 12    Int: 10 (12) God:    Lugonu [**....]
Gold:   234        SH:  0    Dex:  8 (10) Spells: 4/4 levels left

rFire    . . .     SeeInvis .   d - +2 dagger (speed)
rCold    . . .     Gourm    .   (no shield)
rNeg     . . .     Faith    .   (armour unavailable)
rPois    .         Spirit   .   (helmet restricted)
rElec    .         Reflect  .   (no cloak)
rCorr    .         Harm     .   (no gloves)
MR       .....                  (no boots)
Stlth    +.........             (no amulet)
HPRegen  0.15/turn              (no ring)
MPRegen  0.10/turn              (no ring)

@: no status effects
A: unfitting armour, cold-blooded, AC +5
a: Depart the Abyss, Bend Space, Renounce Religion


You were on level 4 of the Dungeon.
You worshipped Lugonu.
Lugonu was pleased with you.
You were hungry.

You visited 1 branch of the dungeon, and saw 4 of its levels.
You visited the Abyss 1 time.

You collected 234 gold pieces.

Inventory:

Hand Weapons
 a - a +1 hand axe
 d - a +2 dagger of speed (weapon)
Missiles
 p - 72 stones (quivered)
 u - a throwing net
Wands
 t - a wand of enslavement (4)
Scrolls
 i - 2 scrolls of fear {unknown}
 j - a scroll of amnesia {unknown}
 l - a scroll of enchant armour {unknown}
 m - 2 scrolls of identify {unknown}
 n - 2 scrolls of remove curse {unknown}
 o - a scroll of blinking {unknown}
Potions
 c - a potion of magic {unknown}
 e - 2 potions of degeneration
 f - a potion of might
 g - 2 potions of heal wounds
 h - 2 potions of flight {unknown}
 k - 2 potions of berserk rage {unknown}
 q - a potion of brilliance {unknown}
 r - a potion of curing {unknown}
 s - a potion of mutation {unknown}
Comestibles
 b - 5 rations


   Skills:
 + Level 4.3 Fighting
 * Level 4.1 Axes
 - Level 2.1 Dodging
 + Level 3.3 Invocations


You had 4 spell levels left.
You didn't know any spells.
Your spell library contained the following spells:

 Spells                   Type           Power        Failure   Level  Hunger
 Confusing Touch          Hex            #.....       36%         1    ##.....
 Confuse                  Hex            #.......     75%         3    ####...
 Gell's Gravitas          Tloc           #.........   75%         3    ####...
 Petrify                  Tmut/Erth      #.......     98%         4    #####..
 Metabolic Englaciation   Hex/Ice        #.........   100%        5    ######.
 Yara's Violent Unravell  Hex/Tmut       #.........   100%        5    ######.


Dungeon Overview and Level Annotations

Branches:
Dungeon (4/15)
 Temple: D:4-7

Altars:
Dithmenos
Elyvilon
Okawaru
Trog
Uskayaw
Vehumet
The Shining One

Annotations:
D:4 Dowan, Duvessa


Innate Abilities, Weirdness & Mutations

Your plain brown scales are hard. (AC +5)
You cannot fit into any form of body armour.
You are cold-blooded and may be slowed by cold attacks.


Message History

Duvessa seems to speed up.
You hit Duvessa but do no damage.
Duvessa is lightly wounded.
Duvessa says, "My weaknesses are his strengths!"
Duvessa hits you with a +0 short sword!
You hit Duvessa but do no damage.
Duvessa is lightly wounded.
Duvessa hits you with a +0 short sword!
You hit Duvessa but do no damage.
Duvessa is lightly wounded.
Duvessa hits you but does no damage. Duvessa hits you with a +0 short sword.
Dowan mumbles some strange words.
Dowan blinks!
Duvessa barely misses you. Space bends around you!
You blink.
Duvessa closely misses you. Space bends around you!
You blink.
Dowan casts a spell.
Dowan blinks!
Duvessa hits you with a +0 short sword!
You die...

##### #.#.# ###...# #...#.#
####### #.###.# #.§§e.#
#.#...#
#######e###.###§#.###
#.....@.# #.....#.#
#.####### #######.#
#.......### #.####....#
###.#####.#.# #.#.#######.
###.....#.....##
.#........###...#.#.#.#....#
...##....#_'.#.#..........#
........#########....#...#


You could see Duvessa.

Vanquished Creatures
  2 worker ants (D:4)
  A gnoll (D:4)
  An adder (D:3)
  A white imp (D:4)
  3 worms
  3 dart slugs
  3 leopard geckos (D:4)
  5 orcs
  2 giant cockroaches
  3 goblins
  5 hobgoblins
  4 jackals
  9 kobolds
  3 quokkas
  6 bats
  4 frilled lizards
  6 hobgoblin zombies (D:4)
  A kobold skeleton (D:4)
  A kobold zombie (D:4)
  3 orc skeletons (D:4)
  3 rats (D:1)
69 creatures vanquished.

Notes
Turn   | Place    | Note
-------+----------+-------------------------------------------
     0 | Abyss:1  | Brecoman the Draconian Abyssal Knight began the quest for
                  | the Orb.
     0 | Abyss:1  | Reached XP level 1. HP: 19/19 MP: 2/2
    30 | Abyss:1  | Noticed a large abomination
    50 | Abyss:1  | Noticed an ancient zyme
    52 | D:1      | Escaped the Abyss
   333 | D:1      | Reached XP level 2. HP: 23/26 MP: 3/3
   487 | D:1      | Reached * piety under Lugonu
   911 | D:2      | Reached XP level 3. HP: 31/31 MP: 4/4
   959 | D:2      | Found an iron altar of Okawaru.
  1218 | D:2      | HP: 1/33 [poisoned by kobold (curare-tipped needle)]
  1363 | D:2      | Found a shadowy altar of Dithmenos.
  1521 | D:2      | Found a radiant altar of Vehumet.
  1777 | D:3      | Found a hide-covered altar of Uskayaw.
  2114 | D:3      | Reached XP level 4. HP: 40/40 MP: 6/6
  2633 | D:4      | Found a white marble altar of Elyvilon.
  2946 | D:4      | Reached ** piety under Lugonu
  3152 | D:4      | Found a glowing golden altar of the Shining One.
  3522 | D:4      | Reached XP level 5. HP: 19/46 MP: 7/7
  3958 | D:4      | Found a bloodstained altar of Trog.
  3993 | D:4      | Noticed Duvessa
  3993 | D:4      | Noticed Dowan
  4023 | D:4      | Slain by Duvessa

Skill      XL: |  1  2  3  4 |
---------------+-------------+-----
Axes           | 3 4 |  4.1
Fighting       | 4 |  4.3
Invocations    | 3 |  3.3
Dodging        | |  2.1

Action                   |  1- 3 |  4- 6 || total
-------------------------+-------+-------++-------
Melee: Hand axe          |    15 |       ||    15
       Dagger            |   135 |   147 ||   282
       Tailslap          |    16 |    10 ||    26
Invok: Depart the Abyss  |     1 |       ||     1
       Bend Space        |       |     2 ||     2
  Use: Potion            |     3 |       ||     3
  Eat: Chunk             |     4 |     5 ||     9
Armor: Skin              |    44 |    26 ||    70
Dodge: Dodged            |    74 |    53 ||   127
